 Dungeon Crawl Stone Soup version 0.24-a0-140-gcaa6c10 (webtiles) character file.

Game seed: 0

20988 emperorscorpion the Eclecticist (level 12, -12/66 HPs)
             Began as a Deep Elf Conjurer on Mar 4, 2019.
             Was an Elder of Vehumet.
             Shot with an arrow by Nessos (26 damage)
             ... on level 13 of the Dungeon.
             The game lasted 00:35:22 (19896 turns).

emperorscorpion the Eclecticist (DECj)             Turns: 19896, Time: 00:35:23

Health: -12/66     AC: 13    Str:  7    XL:     12   Next: 50%
Magic:  40/48      EV: 15    Int: 29    God:    Vehumet [****..]
Gold:   718        SH:  5    Dex: 15    Spells: 29/42 levels left

rFire    + . .     SeeInvis .   b - staff of power
rCold    . . .     Gourm    .   (no shield)
rNeg     . . .     Faith    .   k - +2 leather armour {MR+}
rPois    .         Spirit   .   A - +0 helmet
rElec    .         Reflect  +   N - +0 cloak (curse)
rCorr    +         Harm     .   I - +1 pair of gloves "Bebaesm" {Regen+ rCorr Str+2 Int+3}
MR       ++...     Clarity  +   (no boots)
Stlth    +++.......             S - +5 amulet of reflection
HPRegen  0.61/turn              o - ring of resist corrosion
MPRegen  0.31/turn              l - ring of protection from fire

@: lethally poisoned (-12 -> -40), studying Fighting
A: hooves 1, molten scales 1, clarity, shaggy fur 1
a: Renounce Religion


You were on level 13 of the Dungeon.
You worshipped Vehumet.
Vehumet was greatly pleased with you.
You were very hungry.

You visited 2 branches of the dungeon, and saw 14 of its levels.

You collected 718 gold pieces.

Inventory:

Hand Weapons
 a - a +5 short sword of freezing
Missiles
 i - 7 javelins (quivered)
 v - 15 tomahawks
 P - 5 tomahawks of returning
 T - 2 throwing nets
Armour
 k - a +2 leather armour of magic resistance (worn)
 A - a +0 helmet (worn)
 F - the +1 ring mail of Surprise {Str+6 Dex-2}
   (You found it on level 7 of the Dungeon)

   It affects your strength (+6).
   It affects your dexterity (-2).
 I - the +1 pair of gloves "Bebaesm" (worn) {Regen+ rCorr Str+2 Int+3}
   (You found it on level 7 of the Dungeon)

   It affects your strength (+2).
   It affects your intelligence (+3).
   It increases your rate of regeneration.
   It provides partial protection from all sources of acid and corrosion.
 N - a cursed +0 cloak (worn)
Magical Staves
 b - an uncursed staff of power (weapon)
 K - an uncursed staff of earth
Jewellery
 l - a ring of protection from fire (right hand)
 o - a ring of resist corrosion (left hand)
 t - an uncursed amulet of the gourmand
 S - a +5 amulet of reflection (around neck)
 Z - an uncursed ring of wizardry
Wands
 r - a wand of iceblast (9)
 D - a wand of flame (15)
 J - a wand of acid (20)
 L - a wand of paralysis (4)
 M - a wand of polymorph (4)
Scrolls
 f - 4 scrolls of identify
 g - 6 scrolls of remove curse
 m - 2 scrolls of fear
 n - 3 scrolls of enchant armour
 p - 5 scrolls of amnesia
 u - 8 scrolls of teleportation
 z - a scroll of magic mapping
 O - a scroll of blinking
Potions
 d - 3 potions of flight
 h - 2 potions of lignification
 j - 5 potions of heal wounds
 q - 6 potions of haste
 w - 3 potions of mutation
 x - 3 potions of brilliance
 B - 2 potions of cancellation
 E - 4 potions of curing
 G - a potion of agility
 R - 2 potions of might
 U - a potion of berserk rage
Books
 Q - a manual of Fighting
Miscellaneous
 V - a lamp of fire
 W - a fan of gales
 X - a crystal ball of energy
 Y - a phial of floods
Comestibles
 c - 22 rations


   Skills:
 + Level 3.7 Fighting
 + Level 5.5 Short Blades
 + Level 4.8 Armour
 + Level 6.4 Dodging
 + Level 5.5 Stealth
 + Level 15.7 Spellcasting
 + Level 14.0 Conjurations


You had 29 spell levels left.
You knew the following spells:

 Your Spells              Type           Power        Failure   Level  Hunger
a - Magic Dart            Conj           ####         0%          1    None
b - Iskenderun's Mystic   Conj           #######.     1%          4    None
c - Mephitic Cloud        Conj/Pois/Air  #####...     1%          3    None
d - Lee's Rapid Deconstr  Erth           ###.......   21%         5    None

Your spell library contained the following spells:

 Spells                   Type           Power        Failure   Level  Hunger
 Searing Ray              Conj           ######       0%          2    None
 Dazzling Spray           Conj/Hex       ######       1%          3    None
 Force Lance              Conj/Tloc      ######..     1%          4    None
 Fulminant Prism          Conj/Hex       ######....   1%          4    None
 Animate Skeleton         Necr           N/A          3%          1    None
 Apportation              Tloc           ###...       3%          1    None
 Confusing Touch          Hex            ###...       3%          1    None
 Summon Small Mammal      Summ           ###.         3%          1    None


Dungeon Overview and Level Annotations

Branches:
Dungeon (13/15)            Temple (1/1) D:5            Lair (0/6) D:11
    Orc (0/2) D:9          Vaults (0/5) D:13

Altars:
Ashenzari
Cheibriados
Dithmenos
Elyvilon
Fedhas
Gozag
Hepliaklqana
Kikubaaqudgha
Makhleb
Okawaru
Ru
Sif Muna
Trog
Uskayaw
Vehumet
Wu Jian
Xom
Yredelemnul
Zin
The Shining One
Beogh

Annotations:
D:4 1 runed translucent door, Gorice's ghost, novice KoWn
D:13 Nessos; Rupert


Innate Abilities, Weirdness & Mutations

You have large cloven feet.
You are partially covered in molten scales. (AC +2)
You possess an exceptional clarity of mind.
You are covered in fur. (AC +1)


Message History

You feel very sick.
Nessos shoots an arrow.
The arrow hits you.
You are more poisoned.
You see here an arrow.
You feel very sick.
Nessos shoots an arrow.
The arrow hits you!
* * * LOW HITPOINT WARNING * * *
The arrow burns you.
You are more poisoned.
* * * LOW HITPOINT WARNING * * *
Nessos stands on his hind legs for a moment.
Nessos shoots an arrow.
You reflect the arrow off an invisible shield around you!
The arrow barely misses Nessos.
You see here an arrow.
Unknown command.
* * * LOW HITPOINT WARNING * * *
You feel very sick.
Nessos shoots an arrow.
The arrow hits you!!
You die...

###########################
#........(@.....)..........
#...c...p####..######.#####
#....^.J(# #..# #.# #.(.....(#
#..# #.# #(......p# #..# #.#
#........# #..# #.# #!....@p.#
#..######.#####
####....popp####..............
............<..................


You could see Nessos, a slime creature and a human.

Vanquished Creatures
  Josephine (D:11)
  Harold (D:9)
  Erolcha (D:9)
  A catoblepas (D:10)
  A two-headed ogre (D:13)
  2 unseen horrors
  Pikel (D:4)
  A manticore (D:11)
  2 ugly things
  2 cyclopes (D:11)
  Joseph (D:8)
  2 centaur zombies
  3 centaur skeletons
  A gargoyle (D:10)
  2 rime drakes (D:11)
  A freezing wraith (D:11)
  5 trolls
  A slime creature (D:10)
  5 hippogriffs
  Sigmund (D:3)
  A vampire (D:12)
  4 wraiths
  A shadow (D:10)
  2 wyverns
  2 humans
  4 hogs
  3 hungry ghosts
  3 wargs
  An acid dragon (D:10)
  A water moccasin (D:10)
  6 orc warriors
  A hornet zombie (D:10)
  3 slaves
  2 ice beasts
  5 phantoms
  2 black bears
  A necrophage (D:8)
  2 sky beasts
  4 ogres
  3 centaurs
  2 big kobolds
  6 bullfrogs
  Blork the orc (D:4)
  A wyvern skeleton (D:10)
  4 scorpions
  12 killer bees
  5 wights (D:6)
  3 howler monkeys
  A lava snake (D:11)
  2 crimson imps
  A quasit (D:11)
  6 hounds
  16 orc priests
  7 jellies
  16 orc wizards
  A bullfrog skeleton (D:8)
  Natasha (twice) (D:4)
  Ijyb (D:4)
  2 iguanas
  14 worker ants
  A killer bee zombie (D:6)
  A hound zombie (D:6)
  A worker ant zombie (D:6)
  A howler monkey zombie (D:10)
  18 gnolls
  15 adders
  2 shadow imps
  An ooze (D:3)
  3 worms
  4 dart slugs
  4 leopard geckos
  51 orcs
  6 giant cockroaches
  13 goblins
  4 hobgoblins
  11 jackals
  19 kobolds
  3 quokkas
  A ball python (D:4)
  6 bats
  4 frilled lizards
  2 jackal skeletons
  2 quokka skeletons
  7 rats
369 creatures vanquished.

Vanquished Creatures (others)
  A slave (D:4)
1 creature vanquished.

Grand Total: 370 creatures vanquished

Notes
Turn   | Place    | Note
-------+----------+-------------------------------------------
     0 | D:1      | emperorscorpion the Deep Elf Conjurer began the quest for
                  | the Orb.
     0 | D:1      | Reached XP level 1. HP: 10/10 MP: 6/6
   226 | D:1      | Reached XP level 2. HP: 13/15 MP: 1/8
   465 | D:1      | Reached skill level 5 in Conjurations
  1049 | D:1      | Reached XP level 3. HP: 19/19 MP: 6/10
  2133 | D:2      | Reached skill level 4 in Spellcasting
  2138 | D:2      | Reached XP level 4. HP: 18/24 MP: 0/12
  2792 | D:3      | Learned a level 4 spell: Iskenderun's Mystic Blast
  2842 | D:3      | Noticed Sigmund
  2864 | D:3      | Killed Sigmund
  2864 | D:3      | Reached skill level 1 in Armour
  2864 | D:3      | Reached skill level 5 in Spellcasting
  2864 | D:3      | Reached XP level 5. HP: 5/28 MP: 1/14
  2864 | D:3      | Reached XP level 6. HP: 6/32 MP: 1/16
  3832 | D:3      | Reached skill level 6 in Spellcasting
  4422 | D:4      | Noticed Pikel
  4422 | D:4      | Noticed a slave
  4422 | D:4      | Noticed a slave
  4422 | D:4      | Noticed a slave
  4424 | D:4      | Noticed a slave
  4426 | D:4      | Killed a slave
  4438 | D:3      | Killed a slave
  4752 | D:4      | Found a runed translucent door.
  4752 | D:4      | Noticed Gorice's ghost (novice KoWn)
  4780 | D:4      | Noticed Blork the orc
  4789 | D:4      | Killed Blork the orc
  4789 | D:4      | Reached XP level 7. HP: 33/36 MP: 1/18
  5447 | D:4      | Killed Pikel
  5447 | D:4      | Reached skill level 1 in Short Blades
  5447 | D:4      | Reached skill level 7 in Spellcasting
  5447 | D:4      | Reached XP level 8. HP: 10/42 MP: 0/21
  5805 | D:4      | Reached skill level 1 in Fighting
  5805 | D:4      | Reached skill level 8 in Spellcasting
  6227 | D:4      | Found a burning altar of Makhleb.
  6236 | D:4      | Noticed Natasha
  6239 | D:4      | Killed Natasha
  6400 | D:4      | Noticed Natasha
  6401 | D:4      | Killed Natasha
  6553 | D:4      | Noticed Ijyb
  6558 | D:4      | Killed Ijyb
  6950 | D:5      | Entered Level 5 of the Dungeon
  7305 | D:5      | Found a staircase to the Ecumenical Temple.
  7320 | Temple   | Entered the Ecumenical Temple
  7363 | Temple   | Became a worshipper of Vehumet
  7497 | D:5      | Found a shadowy altar of Dithmenos.
  8522 | D:6      | Reached skill level 9 in Spellcasting
  8852 | D:5      | Reached XP level 9. HP: 40/47 MP: 11/24
  9979 | D:7      | Found a burning altar of Makhleb.
  9982 | D:7      | Reached skill level 10 in Spellcasting
 10063 | D:7      | Got a pair of ancient gloves
 10078 | D:7      | Identified the +1 pair of gloves "Bebaesm" {Regen+ rCorr
                  | Str+2 Int+3} (You found it on level 7 of the Dungeon)
 10271 | D:7      | Got an ancient ring mail
 10289 | D:7      | Reached * piety under Vehumet
 10289 | D:7      | Offered knowledge of Shock by Vehumet.
 11093 | D:8      | Noticed Joseph
 11098 | D:8      | Killed Joseph
 11225 | D:8      | Reached skill level 10 in Conjurations
 11367 | D:8      | Reached skill level 11 in Spellcasting
 11843 | D:8      | Reached XP level 10. HP: 53/53 MP: 22/27
 12628 | D:9      | Offered knowledge of Throw Frost by Vehumet.
 12638 | D:9      | Reached ** piety under Vehumet
 12787 | D:9      | Found a staircase to the Orcish Mines.
 12826 | D:9      | Found a roughly hewn altar of Beogh.
 13273 | D:9      | Noticed Harold
 13303 | D:9      | Killed Harold
 13303 | D:9      | Reached skill level 12 in Spellcasting
 13624 | D:9      | Noticed Erolcha
 13644 | D:9      | Killed Erolcha
 13991 | D:10     | Entered Level 10 of the Dungeon
 14228 | D:10     | Noticed a gargoyle
 14549 | D:10     | Offered knowledge of Mephitic Cloud by Vehumet.
 14661 | D:10     | Reached skill level 13 in Spellcasting
 14844 | D:10     | Reached XP level 11. HP: 57/57 MP: 21/30
 15062 | D:9      | Reached *** piety under Vehumet
 15069 | D:9      | Learned a level 3 spell: Mephitic Cloud
 15207 | D:10     | Reached skill level 5 in Dodging
 15360 | D:10     | Noticed a catoblepas
 15532 | D:10     | Reached skill level 5 in Stealth
 16006 | D:10     | Killed a catoblepas
 16177 | D:10     | Offered knowledge of Olgreb's Toxic Radiance by Vehumet.
 16302 | D:10     | Killed an unseen horror
 16302 | D:10     | Reached skill level 14 in Spellcasting
 17155 | D:10     | Reached skill level 5 in Short Blades
 17283 | D:10     | Noticed a purple ugly thing
 17288 | D:10     | Killed a purple ugly thing
 17558 | D:11     | Found a glowing golden altar of the Shining One.
 17560 | D:11     | Noticed a red ugly thing
 17583 | D:11     | Noticed Josephine
 17591 | D:11     | Killed Josephine
 17728 | D:11     | Killed a red ugly thing
 17729 | D:11     | Reached XP level 12. HP: 51/64 MP: 17/32
 18118 | D:11     | Reached **** piety under Vehumet
 18120 | D:11     | Reached skill level 15 in Spellcasting
 18180 | D:11     | Offered knowledge of Lee's Rapid Deconstruction by Vehumet.
 18189 | D:10     | Learned a level 5 spell: Lee's Rapid Deconstruction
 18476 | D:11     | Identified the +1 ring mail of Surprise {Str+6 Dex-2} (You
                  | found it on level 7 of the Dungeon)
 19031 | D:11     | Found a staircase to the Lair.
 19762 | D:12     | Gained mutation: You possess an exceptional clarity of
                  | mind. [potion of mutation]
 19762 | D:12     | Gained mutation: You have large cloven feet. [potion of
                  | mutation]
 19762 | D:12     | Gained mutation: You are partially covered in molten
                  | scales. (AC +2) [potion of mutation]
 19762 | D:12     | Gained mutation: You are covered in fur. (AC +1) [potion of
                  | mutation]
 19781 | D:12     | You fall through a shaft!
 19834 | D:13     | Noticed a two-headed ogre
 19837 | D:13     | Killed a two-headed ogre
 19884 | D:13     | Found a gate to the Vaults.
 19884 | D:13     | Noticed Rupert
 19887 | D:13     | Noticed Nessos
 19896 | D:13     | Shot with an arrow by Nessos

Levels and vault maps discovered:
D:1:      ncdulo_smallfort, layout_basic, minmay_bisected
D:2:      layout_loops_ring, minmay_door_square
D:3:      layout_loops_ring, uniq_sigmund
D:4:      black_bear_nest_1, layout_basic, gammafunk_ghost_grave, first_ration,
          bloody_makhleb, uniq_ijyb, uniq_blork_the_orc, uniq_natasha,
          uniq_pikel
D:5:      layout_basic, old_standard_altar, minmay_temple_entry_water_ring
D:6:      layout_gridville, hangedman_abyss_or_decor_stabs
D:7:      layout_rooms, basic_altar
D:8:      layout_loops_corners, chequers_decorated_corner, uniq_joseph
D:9:      layout_basic, minmay_orc_entry_temple_small, uniq_harold, uniq_erolcha
D:10:     minmay_the_grid_octo_tiled_squarecenter [minmay_the_grid_octo_empty,
          minmay_the_grid_octo_fat_diamond, minmay_the_grid_octo_teeth,
          minmay_the_grid_octo_horde, minmay_the_grid_square_5x5_megaprize_open,
          minmay_the_grid_square_5x5_six_small, minmay_the_grid_square_5x5_bite,
          minmay_the_grid_square_5x5_six, minmay_the_grid_square_5x5_minimal],
          layout_basic, hex_medium, grunt_livestock
D:11:     layout_rooms, erik_lair_orcish_takeover, basic_altar,
          portal_ice_cave_rime, kennysheep_diamond, uniq_josephine
D:12:     layout_stronghold
D:13:     layout_small_grid, david_vaults_3, basic_altar, st_stairs_14
Temple:   compressed_dpeg_triangle_lava_temple

Skill      XL: |  1  2  3  4  5  6  7  8  9 10 11 12 |
---------------+-------------------------------------+-----
Conjurations   | 5 6 7 8 10 11 13 14 | 14.0
Spellcasting   | 4 5 6 7 9 11 13 14 15 | 15.7
Armour         | 1 2 3 4 |  4.8
Dodging        | 3 4 5 6 |  6.4
Short Blades   | 1 3 4 5 |  5.5
Stealth        | 3 4 5 |  5.5
Fighting       | 1 2 3 |  3.7

Action                   |  1- 3 |  4- 6 |  7- 9 | 10-12 || total
-------------------------+-------+-------+-------+-------++-------
Melee: Whip              |     1 |       |       |       ||     1
       Dagger            |     4 |    35 |    50 |    41 ||   130
       Short sword       |       |       |    25 |    59 ||    84
 Cast: Magic Dart        |    85 |   106 |    33 |    14 ||   238
       Iskenderun's Myst |       |    11 |   153 |   331 ||   495
       Mephitic Cloud    |       |       |       |     1 ||     1
  Use: Scroll            |       |     2 |    11 |    19 ||    32
       Potion            |       |       |     3 |     1 ||     4
 Stab: Sleeping          |       |     1 |       |     1 ||     2
       Distracted        |       |       |     1 |     1 ||     2
  Eat: Chunk             |     3 |    21 |    30 |    15 ||    69
Armor: Leather armour    |     4 |    12 |    29 |    62 ||   107
Dodge: Dodged            |    22 |    45 |    64 |   146 ||   277
Block: Other             |       |       |       |    44 ||    44
       Reflection        |       |       |       |    10 ||    10

Table legend:
 A = Non-vault XP
 B = Vault XP
 C = Vault XP percentage of total XP
 D = Non-vault monster count
 E = Vault monster count
 F = Vault count percentage of total count
                 A         B        C        D         E       F
            +---------+---------+-------+---------+---------+-------
      Total |   16928 |   13055 |  43.5 |     295 |      71 |  19.4
            +---------+---------+-------+---------+---------+-------
        D:1 |      49 |       7 |  12.5 |      20 |       4 |  16.7
        D:2 |     117 |       0 |   0.0 |      21 |       0 |   0.0
        D:3 |     252 |     227 |  47.4 |      36 |       1 |   2.7
        D:4 |     473 |     908 |  65.7 |      17 |       5 |  22.7
        D:5 |     537 |       0 |   0.0 |      21 |       0 |   0.0
        D:6 |    1268 |       0 |   0.0 |      32 |       0 |   0.0
        D:7 |     551 |       0 |   0.0 |      13 |       0 |   0.0
        D:8 |    1245 |     460 |  27.0 |      21 |       1 |   4.5
        D:9 |     982 |    2504 |  71.8 |      27 |      14 |  34.1
       D:10 |    4090 |    5607 |  57.8 |      47 |      30 |  39.0
       D:11 |    5596 |    3018 |  35.0 |      34 |      14 |  29.2
       D:12 |     808 |       0 |   0.0 |       4 |       0 |   0.0
       D:13 |     960 |     324 |  25.2 |       2 |       2 |  50.0
            +---------+---------+-------+---------+---------+-------
